 Dungeon Crawl Stone Soup version 0.29.1-15-g9cfb28693d (webtiles) character file.

Game seed: 1813910372130289762

3145 Cheops the Martial Artist (level 9, -2/70 HPs)
             Began as a Ghoul Monk on May 2, 2023.
             Was a Priest of Wu Jian.
             Slain by a wight
             ... wielding a +7 spear
              (4 damage)
             ... on level 6 of the Dungeon.
             The game lasted 00:16:26 (7499 turns).

Cheops the Martial Artist (Ghoul Monk)              Turns: 7499, Time: 00:16:26

Health: -2/70      AC:  4    Str: 15    XL:     9   Next: 93%
Magic:  8/8        EV: 13    Int:  5    God:    Wu Jian [***...]
Gold:   432        SH:  0    Dex: 15    Spells: 8/8 levels left

rFire   . . .      SeeInvis .     - Unarmed
rCold   + + .      Faith    +   (no shield)
rNeg    + + +      Spirit   .   m - +2 ring mail {rC+}
rPois   ∞          Reflect  .   (no helmet)
rElec   .          Harm     .   v - +0 cloak
rCorr   .          Rampage  .   (no gloves)
Will    .....                   (no boots)
Stlth   +.........              c - amulet of faith
HPRegen 0.00/turn               (no ring)
MPRegen 0.11/turn               (no ring)

@: corroded, inhibited regen
A: claws 1, cold resistance 1, negative energy resistance 3, inhibited
regeneration, torment resistance 2, devour on kill
a: Renounce Religion, Wall Jump, Serpent's Lash


You were on level 6 of the Dungeon.
You worshipped Wu Jian.
Wu Jian was most pleased with you.
You visited 1 branch of the dungeon, and saw 6 of its levels.
You also visited: Sewer.

You collected 432 gold pieces.

Inventory:

Armour
 a - a +0 robe
 m - a +2 ring mail of cold resistance (worn)
 v - a +0 cloak (worn)
Jewellery
 c - an amulet of faith (around neck)
 x - a ring of wizardry
Wands
 i - a wand of light (4)
 p - a wand of flame (10)
 r - a wand of digging (6)
Scrolls
 k - 3 scrolls of fear {unknown}
 n - a scroll of teleportation
 o - a scroll of brand weapon {unknown}
 q - 4 scrolls of identify {unknown}
 t - a scroll of acquirement {unknown}
 u - a scroll of noise {unknown}
 w - a scroll of vulnerability {unknown}
 y - a scroll of enchant weapon {unknown}
 z - a scroll of silence {unknown}
 A - 3 scrolls of poison {unknown}
 C - a scroll of enchant armour {unknown}
 D - a scroll of torment {unknown}
Potions
 b - a potion of ambrosia
 d - 4 potions of lignification {unknown}
 e - 2 potions of might
 f - 8 potions of flight
 g - 2 potions of heal wounds {unknown}
 h - 3 potions of curing {unknown}
 j - a potion of resistance {unknown}
 l - 2 potions of degeneration {unknown}
 s - a potion of haste {unknown}
 B - a potion of cancellation {unknown}


   Skills:
 - Level 3.2 Fighting
 - Level 7.0 Dodging
 - Level 2.1 Stealth
 - Level 11.0 Unarmed Combat
 + Level 5.7 Evocations


You had 8 spell levels left.
You didn't know any spells.
Your spell library was empty.

Dungeon Overview and Level Annotations

Branches:
Dungeon (6/15)              Sewer (visited)
 Temple: D:4-7

Altars:
Ashenzari
Fedhas
Gozag
Makhleb
Nemelex Xobeh
Okawaru
Qazlal
Wu Jian

Annotations:
D:3 3 runed translucent doors, GasterBasher's ghost, amateur OgBe


Innate Abilities, Weirdness & Mutations

You are immune to poison.
You have sharp fingernails.
Your flesh is cold resistant. (rC+)
You are immune to negative energy. (rN+++)
You do not regenerate when monsters are visible.
You are immune to unholy pain and torment.
You thrive by killing the living.


Message History

The jelly hits you.
* * * LOW HITPOINT WARNING * * *
You are splashed with acid!
* * * LOW HITPOINT WARNING * * *
You scratch the jelly.
Your claws burn!
* * * LOW HITPOINT WARNING * * *
The jelly is almost dead.
You scratch the jelly but do no damage.
Your claws burn!
* * * LOW HITPOINT WARNING * * *
The jelly is almost dead.
The jelly misses you.
You scratch the jelly but do no damage. The acid corrodes you!
Your claws burn!
* * * LOW HITPOINT WARNING * * *
The jelly is almost dead.
The jelly closely misses you.
You claw the jelly!
You kill the jelly!
The Council accepts your kill.
You feel better.
Aiming: Throw Flame
Press: ? - help, Shift-Dir - straight line, f - slime creature
Aim: a slime creature (lightly wounded, 94% to hit)
The puff of flame hits the jelly!
The jelly is severely wounded.
The jelly hits you but does no damage.
Aiming: Bolt of Light
Press: ? - help, Shift-Dir - straight line, f/p - slime creature
Aim: a slime creature (lightly wounded, 94% to hit)
The bolt of light hits the jelly!
You kill the jelly!
The Council accepts your kill.
The bolt of light hits the slime creature!
The slime creature is moderately wounded.
There is an open door here.
The wight hits you with a +7 spear.
* * * LOW HITPOINT WARNING * * *
You close the door.
The wight hits you with a +7 spear.
* * * LOW HITPOINT WARNING * * *
You closely miss the wight. The wight hits you with a +7 spear.
You die...

..#...... ......[........# ..#
#.... #................ #.###..#
#....############# #.....####
##### ############### #...#....#
#######J##.....!##..#
)n.##.##.###....#.#.#......##..#
#........##.....#J#J#......##..#
####.....'......#+#.#......##.###
## #.##..'.....z@.#J#J....÷##...#
.# #..##.'........#.#JJ..÷.##....
.###.##..##.......#J#......##....
..##..#[.###......##JJJ....##...#
..#......############..÷...##....
..##..#...####### #########....
#.##.##.........##### ########.
#..#.#...(..........# #..## #..
#.................#.# ##))# #.#


You could see a wight.

Vanquished Creatures
  Pikel (D:4)
  Sigmund (D:5)
  Eustachio (D:5)
  Edmund (D:5)
  A water moccasin (D:6)
  A black bear (D:5)
  2 centaurs (D:6)
  2 ogres (D:5)
  2 lemures (D:4)
  A phantom (D:4)
  5 kobold brigands (D:6)
  2 necrophages (D:6)
  A bullfrog (D:6)
  4 scorpions
  3 wights (D:6)
  2 howler monkeys
  4 hounds
  A gnoll bouda (D:3)
  2 orc priests (D:6)
  4 jellies
  2 iguanas
  A merfolk siren (Sewer)
  An orc wizard (D:6)
  A merfolk avatar (Sewer)
  5 gnolls
  7 adders
  An ufetubus (D:5)
  5 worms
  A dart slug (D:3)
  18 orcs
  3 endoplasms
  8 giant cockroaches
  5 hobgoblins
  9 jackals
  6 quokkas
  7 ball pythons
  6 bats
  10 frilled lizards
  4 goblins
  8 kobolds
  34 rats
183 creatures vanquished.

Vanquished Creatures (others)
  4 fungi (D:6)
  16 toadstools
20 creatures vanquished.

Grand Total: 203 creatures vanquished

Notes
Turn   | Place    | Note
-------+----------+-------------------------------------------
     0 | D:1      | Cheops the Ghoul Monk began the quest for the Orb.
     0 | D:1      | Reached XP level 1. HP: 19/19 MP: 0/0
   417 | D:1      | Reached XP level 2. HP: 26/26 MP: 1/1
  1240 | D:2      | Reached skill level 4 in Unarmed Combat
  1344 | D:2      | Reached XP level 3. HP: 31/31 MP: 2/2
  1763 | D:3      | Reached XP level 4. HP: 38/38 MP: 3/3
  1771 | D:3      | Found a glowing drain.
  1775 | Sewer    | Entered a sewer
  1863 | Sewer    | Reached skill level 5 in Unarmed Combat
  2060 | Sewer    | Noticed a malarious merfolk avatar
  2208 | Sewer    | Reached XP level 5. HP: 45/45 MP: 4/4
  2222 | Sewer    | Killed a malarious merfolk avatar
  2711 | D:3      | Found a runed translucent gate.
  2711 | D:3      | Found a runed translucent gate.
  2711 | D:3      | Found a runed translucent gate.
  2711 | D:3      | Noticed GasterBasher's ghost (amateur OgBe)
  2712 | D:3      | Noticed a kobold brigand
  3353 | D:3      | Reached skill level 6 in Unarmed Combat
  3554 | D:4      | Found an ornate altar of the Wu Jian Council.
  3569 | D:3      | Reached XP level 6. HP: 45/51 MP: 5/5
  3851 | D:4      | Found a broken altar of Ashenzari.
  3852 | D:4      | Found a burning altar of Makhleb.
  4147 | D:4      | Reached skill level 7 in Unarmed Combat
  4322 | D:4      | Noticed Pikel
  4331 | D:4      | Killed Pikel
  4332 | D:4      | Reached skill level 5 in Dodging
  4332 | D:4      | Reached skill level 8 in Unarmed Combat
  4332 | D:4      | Reached XP level 7. HP: 43/57 MP: 6/6
  4332 | D:4      | Reached XP level 8. HP: 48/63 MP: 7/7
  4463 | D:4      | Became a worshipper of the Wu Jian Council
  4463 | D:4      | Reached * piety under Wu Jian
  4463 | D:4      | Reached ** piety under Wu Jian
  4479 | D:5      | Entered Level 5 of the Dungeon
  4804 | D:5      | Reached skill level 9 in Unarmed Combat
  4981 | D:5      | Noticed Edmund
  5001 | D:5      | Killed Edmund
  5438 | D:5      | Noticed Sigmund
  5440 | D:5      | Killed Sigmund
  5441 | D:5      | Reached skill level 10 in Unarmed Combat
  5525 | D:5      | Found a sparkling altar of Nemelex Xobeh.
  5562 | D:5      | Reached XP level 9. HP: 20/70 MP: 8/8
  6002 | D:5      | Noticed Eustachio
  6024 | D:5      | Killed Eustachio
  6362 | D:6      | Reached skill level 11 in Unarmed Combat
  6619 | D:6      | Reached skill level 1 in Evocations
  6880 | D:6      | Found a stormy altar of Qazlal.
  6902 | D:6      | Found an opulent altar of Gozag.
  6904 | D:6      | Found a blossoming altar of Fedhas.
  7012 | D:6      | Found an iron altar of Okawaru.
  7047 | D:6      | Reached *** piety under Wu Jian
  7127 | D:6      | Reached skill level 5 in Evocations
  7498 | D:6      | HP: 2/70 [wight/+7 spear (6)]
  7499 | D:6      | Slain by a wight

Illustrated notes

Levels and vault maps discovered:
D:1:      ldierk_water_garden, layout_basic
D:2:      layout_loops_ring
D:3:      layout_rooms, gammafunk_ghost_nasty_kobolds, gup_sewer_entry_spiral,
          minmay_misc_feat_columns
D:4:      layout_loops_ring, gammafunk_temple_overflow_statue,
          mainiacjoe_overflow_paths, uniq_pikel
D:5:      layout_loops_corners, mainiacjoe_overflow_cross_hatched, uniq_sigmund,
          uniq_edmund, uniq_eustachio
D:6:      cheibrodos_fertilizer, layout_cave_pools, jmf_multi_god_temple,
          lemuel_tele_altar, nicolae_qazlal_eye_of_the_storm, minmay_liquid_box

Skill      XL: |  1  2  3  4  5  6  7  8  9 |
---------------+----------------------------+-----
Dodging        | 3 4 5 6 7 |  7.0
Unarmed Combat | 4 5 6 8 10 11 | 11.0
Evocations     | 5 |  5.7
Fighting       | |  3.2
Stealth        | |  2.1

Action                   |  1- 3 |  4- 6 |  7- 9 || total
-------------------------+-------+-------+-------++-------
Melee: Unarmed           |   115 |   260 |   232 ||   607
       Punch             |     2 |    11 |    15 ||    28
Invok: Whirlwind         |       |       |    16 ||    16
       Lunge             |       |       |    15 ||    15
 Abil: Wall Jump         |       |       |    13 ||    13
Evoke: Wand              |       |     4 |     2 ||     6
  Use: Scroll            |     3 |     1 |     2 ||     6
       Potion            |       |     2 |       ||     2
 Stab: Sleeping          |     3 |       |     3 ||     6
       Distracted        |       |       |     1 ||     1
Armor: Robe              |    16 |       |       ||    16
       Ring mail         |    28 |    96 |    47 ||   171
Dodge: Dodged            |    91 |   153 |   126 ||   370
